 Dungeon Crawl Stone Soup version 0.29-a0-923-g6e406bff71 (webtiles) character file.

Game seed: 294217980139477532

1301 xian the Magician (level 8, -5/37 HPs)
             Began as a Spriggan Conjurer on July 28, 2022.
             Slain by Prince Ribbit (16 damage)
             ... on level 6 of the Dungeon.
             The game lasted 00:14:06 (5751 turns).

xian the Magician (Spriggan Conjurer)               Turns: 5751, Time: 00:14:07

Health: -5/37      AC:  2    Str:  5    XL:     8   Next: 31%
Magic:  13/20      EV: 18    Int: 19    God:
Gold:   177        SH:  0    Dex: 14    Spells: 14/21 levels left

rFire   . . .      SeeInvis +   i - +2 short sword (vamp)
rCold   . . .      Faith    .   (no shield)
rNeg    . . .      Spirit   .   a - +0 robe
rPois   .          Reflect  .   (helmet restricted)
rElec   .          Harm     .   (no cloak)
rCorr   .          Rampage  .   (gloves unavailable)
Will    +....                   (boots unavailable)
Stlth   +++.......              (no amulet)
HPRegen 0.12/turn               (no ring)
MPRegen 0.17/turn               (no ring)

@: very quick
A: very small, no large weapons, unfitting armour, see invisible, speed 3
a: no special abilities


You were on level 6 of the Dungeon.
You visited 1 branch of the dungeon, and saw 6 of its levels.

You collected 291 gold pieces.
You spent 114 gold pieces at shops.

Inventory:

Hand Weapons
 i - a +2 vampiric short sword (weapon)
Armour
 a - a +0 robe (worn)
 r - an orb of light
Wands
 m - a wand of polymorph (1)
 p - a wand of flame (19)
Scrolls
 g - a scroll of fear
 o - a scroll of butterflies {unknown}
 q - a scroll of teleportation
 s - 3 scrolls of vulnerability {unknown}
Potions
 b - 2 potions of magic
 c - a potion of might {unknown}
 d - 4 potions of heal wounds
 e - a potion of resistance
 f - 3 potions of mutation {unknown}
 h - 2 potions of cancellation
 j - a potion of curing {unknown}
 k - 3 potions of flight {unknown}
 l - a potion of brilliance {unknown}


   Skills:
 + Level 1.0 Fighting
 + Level 2.3 Short Blades
 + Level 4.5 Dodging
 + Level 5.3 Stealth
 + Level 7.4 Spellcasting
 + Level 5.8 Conjurations


You had 14 spell levels left.
You knew the following spells:

 Your Spells              Type           Power      Damage    Failure   Level
a - Magic Dart            Conj           100%       1d8       1%          1
b - Searing Ray           Conj           58%        2d6       1%          2
c - Iskenderun's Mystic   Conj/Tloc      18%        2d6       28%         4

Your spell library contained the following spells:

 Spells                   Type           Power      Damage    Failure   Level
 Dazzling Flash           Conj/Hex       36%        N/A       9%          3
 Ensorcelled Hibernation  Hex/Ice        14%        N/A       14%         2
 Passwall                 Tmut/Erth      5%         N/A       14%         2
 Swiftness                Air            7%         N/A       28%         3
 Fulminant Prism          Conj/Hex       9%         3d7       28%         4


Dungeon Overview and Level Annotations

Branches:
Dungeon (6/15)             Temple (0/1) D:6

Altars:
Okawaru
Vehumet

Shops:
D:4 ?

Annotations:
D:4 exclusion: statue
D:6 Prince Ribbit


Innate Abilities, Weirdness & Mutations

You are very small and have problems with some larger weapons.
You are too small for most types of armour.
You have supernaturally acute eyesight. (SInv)
You cover ground extremely quickly. (Speed+++)


Message History

The necrophage completely misses you.
You closely miss the necrophage.
The necrophage is almost destroyed.
You hit the necrophage but do no damage.
The necrophage is almost destroyed.
The necrophage hits you!
You hit the necrophage.
You destroy the necrophage!
Your life force feels restored.
Casting: Searing Ray (safe; 1% risk of failure)
Confirm with . or Enter, or press ? or * to list all spells.
You don't know that spell.
Unknown command.
As you read the scroll of magic mapping, it crumbles to dust.
You feel aware of your surroundings.
You sensed 1 shop/portal.
Unknown command.
Unknown command.
Found a staircase to the Ecumenical Temple.
Found a stone staircase leading down.
Prince Ribbit comes into view.
Found a stone staircase leading down.
Prince Ribbit hops awkwardly around.
There is a staircase to the Ecumenical Temple here.
Casting: Searing Ray (safe; 1% risk of failure)
Confirm with . or Enter, or press ? or * to list all spells.
Aiming: Searing Ray (safe; 1% risk of failure)
Press: ? - help, Shift-Dir - straight line, f - Prince Ribbit
Aim: Prince Ribbit (63% to hit)
The searing ray hits Prince Ribbit.
Prince Ribbit is lightly wounded. (Press . to maintain the ray.) Unknown command.
The searing ray hits Prince Ribbit.
Prince Ribbit is lightly wounded.
Prince Ribbit closely misses you. Prince Ribbit hits you!
* * * LOW HITPOINT WARNING * * *
The searing ray hits Prince Ribbit!
Prince Ribbit is heavily wounded.
Prince Ribbit hits you!
You die...

,,,,,,,*,,,........#....,,,,,,,,*
***,,,,,,,,........##..**,,,,,,,*
**,*,,***,,.........#.#*,,,,,,,,*
*,,*,,,**,,.........#<#*,,,,,,,,*
,,,,,,,*,**...........#*,.,,,,,,,
,,,,*,,,,,*,*##......##...,,,,,,,
,,,,,,***.,,*#......##...#,,,,,,,
,,,,,,* *....#.♣.♣........,,,,,,*
,,,,,,* *......F@.........,,,,,,,
*,,,,****#>....♣.♣......##***,,,,
*,,,***,*#..##......#...#,,,*,,*,
***,*,,,,.,,,#......#...+,,,*,,,,
*,,,,,,,,,,*..##.>......#,,,*,,,*
*,,,,,**,,,###*#.#......#****,,,*
*,,,,***,,,* #....#....,,,,,,**
**,,,* **,** ###......,,,,,,,*
*,,,,* *,* ***,,,*********


You could see Prince Ribbit.

Vanquished Creatures
  Sigmund (D:4)
  Menkaure (D:4)
  2 ice beasts (D:5)
  An ogre (D:3)
  A phantom (D:5)
  2 necrophages
  3 hounds
  A jelly (D:5)
  2 orc priests
  4 orc wizards
  Natasha (twice) (D:3)
  2 iguanas (D:5)
  8 adders
  A shadow imp (D:3)
  A white imp (D:5)
  An ufetubus (D:5)
  2 worms
  14 orcs
  5 ball pythons
  4 endoplasms
  3 giant cockroaches (D:4)
  7 goblins
  3 hobgoblins
  A quokka (D:4)
  4 bats
  5 frilled lizards
  10 kobolds
  4 rats
95 creatures vanquished.

Vanquished Creatures (others)
  An orc wizard (D:5)
1 creature vanquished.

Grand Total: 96 creatures vanquished

Notes
Turn   | Place    | Note
-------+----------+-------------------------------------------
     0 | D:1      | xian the Spriggan Conjurer began the quest for the Orb.
     0 | D:1      | Reached XP level 1. HP: 9/9 MP: 5/5
   223 | D:1      | Reached XP level 2. HP: 12/13 MP: 0/6
   466 | D:1      | Reached skill level 3 in Spellcasting
  1050 | D:2      | Reached XP level 3. HP: 16/16 MP: 4/8
  1054 | D:2      | Learned a level 2 spell: Searing Ray
  1147 | D:2      | Found a faded altar of an unknown god.
  1584 | D:3      | Noticed an ogre
  1644 | D:3      | Noticed Natasha
  1968 | D:3      | Identified the +7 plate armour "Edapp" {Contam Regen+ rCorr
                  | Int+6}
  2094 | D:3      | Reached XP level 4. HP: 21/21 MP: 4/9
  2211 | D:3      | Killed an ogre
  2212 | D:3      | Reached XP level 5. HP: 24/24 MP: 3/11
  2606 | D:3      | Killed Natasha
  2607 | D:3      | Reached skill level 4 in Spellcasting
  2769 | D:3      | Noticed Natasha
  2774 | D:3      | Killed Natasha
  2940 | D:4      | Reached XP level 6. HP: 29/29 MP: 8/13
  3111 | D:4      | Noticed Sigmund
  3137 | D:4      | Killed Sigmund
  3138 | D:4      | Reached skill level 1 in Short Blades
  3138 | D:4      | Reached skill level 5 in Conjurations
  3248 | D:4      | Found Vaist's Magic Scroll Shop.
  3254 | D:4      | Bought a scroll of magic mapping for 90 gold pieces
  3254 | D:4      | Bought a scroll of identify for 24 gold pieces
  3372 | D:4      | Reached skill level 5 in Spellcasting
  3671 | D:4      | Noticed Menkaure
  3689 | D:4      | Killed Menkaure
  3690 | D:4      | Reached XP level 7. HP: 17/32 MP: 9/16
  3875 | D:4      | Found a radiant altar of Vehumet.
  4041 | D:5      | Entered Level 5 of the Dungeon
  4097 | D:5      | Found an iron altar of Okawaru.
  4302 | D:5      | Reached skill level 6 in Spellcasting
  4920 | D:5      | Reached skill level 1 in Fighting
  4920 | D:5      | Reached skill level 5 in Stealth
  4920 | D:5      | Reached XP level 8. HP: 37/37 MP: 12/19
  5300 | D:5      | Reached skill level 7 in Spellcasting
  5307 | D:5      | Learned a level 4 spell: Iskenderun's Mystic Blast
  5741 | D:6      | Found a staircase to the Ecumenical Temple.
  5746 | D:6      | Noticed Prince Ribbit
  5751 | D:6      | Slain by Prince Ribbit

Illustrated notes

Levels and vault maps discovered:
D:1:      lightli_arrival_windingriver, layout_rooms
D:2:      layout_loops_cross, ebering_ecumenical_altar_mist
D:3:      layout_basic, uniq_natasha
D:4:      layout_basic, vehumet_statue, serial_shops, shop,
          hangedman_glass_teeth, hangedman_minor_gate_pass, uniq_menkaure,
          uniq_sigmund
D:5:      layout_loops_corners, kennysheep_okawaru_gauntlet
D:6:      layout_cave_pools, minmay_temple_entry_trees, gup_sewer_entry_glass,
          serial_column_ruins, column_ruins_hut, column_ruins_columns_straight,
          column_ruins_grid_1, column_ruins_open_tiny_water,
          column_ruins_open_large, column_ruins_open_medium, uniq_prince_ribbit1

Skill      XL: |  1  2  3  4  5  6  7  8 |
---------------+-------------------------+-----
Conjurations   | 3 4 5 |  5.8
Spellcasting   | 3 4 5 6 7 |  7.4
Dodging        | 3 4 |  4.5
Short Blades   | 1 2 |  2.3
Stealth        | 4 5 |  5.3
Fighting       | 1 |  1.0

Action                   |  1- 3 |  4- 6 |  7- 9 || total
-------------------------+-------+-------+-------++-------
Melee: Dagger            |     5 |       |       ||     5
       Short sword       |       |    33 |    11 ||    44
 Cast: Magic Dart        |    65 |    35 |    30 ||   130
       Searing Ray       |     3 |    12 |    20 ||    35
  Use: Scroll            |     7 |     3 |     1 ||    11
       Potion            |       |       |     1 ||     1
Armor: Robe              |     2 |     5 |     1 ||     8
       Skin              |       |     2 |       ||     2
Dodge: Dodged            |    12 |    39 |    18 ||    69

Table legend: (Time is in decaauts)
 A = Elapsed time spent in this place.
 B = Non-inter-level travel time spent in this place.
 C = Inter-level travel time spent in this place.
 D = Time resting spent in this place.
 E = Time spent auto-exploring this place.
 F = Levels seen in this place.
 G = Mean time per level.
                   A        B        C        D        E       F      G
               +--------+--------+--------+--------+--------+-----+--------+
         Total |   4594 |   4528 |     66 |    302 |   3588 |   6 |  765.7 |
       Dungeon |   4594 |   4528 |     66 |    302 |   3588 |   6 |  765.7 |
               +--------+--------+--------+--------+--------+-----+--------+

Top non-repeatable levels by time:
     D:5: 1369 daAuts
     D:4: 898 daAuts
     D:3: 856 daAuts
     D:2: 775 daAuts
     D:1: 675 daAuts
     D:6: 18 daAuts
